 Dungeon Sprint DCSS version 0.29-a0-275-g389c0b56f3 (webtiles) character file.

Game seed: 17302791775058307701

1753 mhtbhm the Severer (level 8, -11/72 HPs)
             Began as a Minotaur Berserker on Mar 12, 2022.
             Was an Elder of Trog.
             Mangled by a boulder beetle (25 damage)
             ... in the Dungeon (Sprint II: "The Violet Keep of Menkaure").
             The game lasted 00:01:04 (669 turns).

mhtbhm the Severer (Minotaur Berserker)              Turns: 669, Time: 00:01:04

Health: -11/72     AC:  2    Str: 25    XL:     8   Next: 78%
Magic:  6/6        EV: 14    Int:  2    God:    Trog [****..]
Gold:   486        SH:  0    Dex:  9    Spells: 7/7 levels left

rFire   . . .      SeeInvis .   a - +0 hand axe
rCold   . . .      Faith    .   (no shield)
rNeg    . . .      Spirit   .   b - +0 animal skin
rPois   .          Reflect  .   (helmet restricted)
rElec   .          Harm     .   (no cloak)
rCorr   .          Rampage  .   (no gloves)
Will    .....      Rage     1%  (no boots)
Stlth   +......... NoTele   +   (no amulet)
HPRegen 0.00/turn               (no ring)
MPRegen 0.10/turn               (no ring)

@: on berserk cooldown, inhibited regen, slowed, very slow
A: horns 2, retaliatory headbutt, berserk 1, dopey 1, frail 2, low MP 1,
inhibited regeneration, subdued magic 2
a: Renounce Religion, Berserk, Trog's Hand, Brothers in Arms


You were in the Dungeon.
You worshipped Trog.
Trog was greatly pleased with you.
You visited 1 branch You collected 486 gold pieces.

Inventory:

Hand Weapons
 a - a +0 hand axe (weapon)
Armour
 b - a +0 animal skin (worn)
Scrolls
 h - a scroll of blinking
Potions
 c - a potion of curing
 e - a potion of haste
 f - 2 potions of magic
 g - a potion of berserk rage


   Skills:
 + Level 14.7 Fighting
 + Level 15.3 Axes
 + Level 7.4 Armour
 + Level 7.8 Dodging
 + Level 1.4 Stealth


You had 7 spell levels left.
You didn't know any spells.
Your spell library was empty.

Dungeon Overview and Level Annotations

Branches:
Dungeon (1/1)

Altars:

Shops:
D =(?!?:=*=*[


Innate Abilities, Weirdness & Mutations

You have a pair of horns on your head.
You reflexively headbutt those who attack you in melee.
You tend to lose your temper in combat.
You are dopey. (Int -2)
You are very frail. (-20% HP)
Your magical capacity is low. (-10% MP)
You do not regenerate when monsters are visible.
Your spells are easier to cast, but less powerful.


Message History

You are too injured to fight recklessly!
You are too injured to fight recklessly!
You are too injured to fight recklessly!
You are too injured to fight recklessly!
You are too injured to fight recklessly!
You are too injured to fight recklessly!
You are too injured to fight recklessly!
You are too injured to fight recklessly!
You are too injured to fight recklessly!
You are too injured to fight recklessly!
You hit the boulder beetle but do no damage.
You headbutt the boulder beetle, but do no damage.
The boulder beetle is moderately wounded.
You hit the boulder beetle. You headbutt the boulder beetle.
The boulder beetle is moderately wounded.
You hit the boulder beetle. You headbutt the boulder beetle.
The boulder beetle is moderately wounded.
The boulder beetle misses you.
You hit the boulder beetle. You headbutt the boulder beetle.
The boulder beetle is heavily wounded.
You slash the boulder beetle! You headbutt the boulder beetle.
The boulder beetle is heavily wounded.
The boulder beetle bites you but does no damage.
You slash the boulder beetle!
The boulder beetle is severely wounded.
You hit the boulder beetle.
The boulder beetle is almost dead.
You are no longer berserk.
You are exhausted.
You feel yourself slow down.
You hit the boulder beetle.
You headbutt the boulder beetle, but do no damage.
The boulder beetle is almost dead.
The boulder beetle bites you!
* * * LOW HITPOINT WARNING * * *
You hit the boulder beetle but do no damage.
The boulder beetle is almost dead.
The walls and floor vibrate strangely for a moment.
The boulder beetle bites you!!
You die...

########≈≈#+++
#######≈≈≈...
∩.....#≈≈≈≈.## ##
.∩....#≈≈≈≈##. $##
∩.∩...#≈≈≈ #.. ..#
.∩.∩..#≈≈####B#.#
## ..∩.⌠.#≈##.###@#
#.#
.∩.∩..#≈#.#.##.##.#
∩.∩...+≈'.##'.<.†#
......#≈#..###.##.#
▓▓▓▓###≈##.# #'#
#.# {######≈≈###
#.# ## $ ##≈
#..#..# +# ##. .##
## ##


You could see a boulder beetle.

Vanquished Creatures
  A boulder beetle (D)
  2 wyverns (D)
  Menkaure (D)
  4 neqoxecs (D)
  4 scorpions (D)
12 creatures vanquished.

Notes
Turn   | Place    | Note
-------+----------+-------------------------------------------
     0 | D        | mhtbhm the Minotaur Berserker began the quest for the Orb.
     0 | D        | Reached XP level 1. HP: 19/19 MP: 0/0
     1 | D        | Noticed a boulder beetle
     1 | D        | Noticed a boulder beetle
     5 | D        | Noticed a scorpion
     5 | D        | Noticed a scorpion
     9 | D        | Killed a scorpion
    10 | D        | Reached skill level 6 in Axes
    10 | D        | Reached XP level 2. HP: 16/31 MP: 1/1
    10 | D        | Reached XP level 3. HP: 19/38 MP: 2/2
    11 | D        | Killed a scorpion
    12 | D        | Reached skill level 7 in Axes
    12 | D        | Reached XP level 4. HP: 25/48 MP: 3/3
   193 | D        | Noticed a scorpion
   193 | D        | Noticed a scorpion
   198 | D        | Killed a scorpion
   198 | D        | Reached ** piety under Trog
   199 | D        | Reached skill level 8 in Axes
   199 | D        | Reached XP level 5. HP: 56/56 MP: 4/4
   202 | D        | Reached skill level 9 in Axes
   202 | D        | Reached skill level 5 in Armour
   288 | D        | Noticed a neqoxec
   288 | D        | Gained mutation: You do not regenerate when monsters are
                  | visible. [a neqoxec]
   289 | D        | Noticed a neqoxec
   294 | D        | Gained mutation: Your spells are a little easier to cast,
                  | but a little less powerful. [a neqoxec]
   300 | D        | Killed a neqoxec
   301 | D        | Reached skill level 10 in Fighting
   301 | D        | Reached skill level 10 in Axes
   301 | D        | Reached skill level 5 in Dodging
   301 | D        | Reached XP level 6. HP: 64/67 MP: 5/5
   304 | D        | Killed a neqoxec
   305 | D        | Reached skill level 11 in Axes
   315 | D        | Noticed a neqoxec
   317 | D        | Gained mutation: You are frail. (-10% HP) [a neqoxec]
   320 | D        | Killed a neqoxec
   320 | D        | Reached *** piety under Trog
   321 | D        | Reached skill level 12 in Axes
   321 | D        | Reached XP level 7. HP: 46/69 MP: 6/6
   325 | D        | Found Lolidun's Antique Armour Shop.
   325 | D        | Found Fientose's Book Boutique.
   325 | D        | Found Noucuz's General Store.
   325 | D        | Found Hokag's Assorted Antiques.
   325 | D        | Found Vioz's Magic Scroll Shop.
   325 | D        | Found Woekk's Jewellery Shop.
   325 | D        | Found Fopnopse's Distillery.
   330 | D        | Noticed a neqoxec
   332 | D        | Found Goan's Jewellery Shop.
   332 | D        | Found Itoyjur's Magic Scroll Boutique.
   332 | D        | Found Uhupnuma's Antique Weapon Boutique.
   332 | D        | Found Jenox's Jewellery Shop.
   332 | D        | Noticed Menkaure
   337 | D        | Lost intelligence.
   338 | D        | Gained mutation: Your magical capacity is low. (-10% MP) [a
                  | neqoxec]
   342 | D        | Gained mutation: You are very frail. (-20% HP) [a neqoxec]
   346 | D        | Gained mutation: You have hidden genetic defects. [a
                  | neqoxec]
   349 | D        | Gained mutation: You are dopey. (Int -2) [a neqoxec]
   354 | D        | Killed a neqoxec
   355 | D        | Reached skill level 13 in Axes
   356 | D        | Killed Menkaure
   358 | D        | Gained mutation: Your spells are easier to cast, but less
                  | powerful. [hidden defects]
   581 | D        | Noticed a wyvern
   581 | D        | Noticed a wyvern
   587 | D        | Killed a wyvern
   588 | D        | Reached skill level 1 in Stealth
   588 | D        | Reached XP level 8. HP: 68/68 MP: 6/6
   589 | D        | Reached **** piety under Trog
   590 | D        | Reached skill level 14 in Axes
   599 | D        | Gained mutation: You tend to lose your temper in combat.
                  | [hidden defects]
   599 | D        | Lost mutation: You have hidden genetic defects. [hidden
                  | defects expressed]
   656 | D        | Killed a boulder beetle
   657 | D        | Reached skill level 15 in Axes
   669 | D        | Mangled by a boulder beetle

Illustrated notes

Levels and vault maps discovered:
D:        the_violet_keep_of_menkaure [sprint2_stairs_cluster_1,
          sprint2_shoproom, sprint2_temple, sprint2_basic_supplies,
          sprint2_obstacle_2, sprint2_obstacle_5, sprint2_obstacle_6,
          sprint2_obstacle_3, sprint2_obstacle_1, sprint2_timed_cluster_1,
          sprint2_smallroom_cluster_1, sprint2_smallroom_final_cluster_1,
          sprint2_transparent_cluster_1, sprint2_second_timed_cluster_1,
          sprint2_sniper_area_1, sprint2_heavy_combat_area_1,
          sprint2_mutation_trap_area_1, sprint2_forest_area_1,
          sprint2_light_combat_area_1, sprint2_behind_water_1,
          sprint2_near_end_vault_1]

Skill      XL: |  1  2  3  4  5  6  7  8 |
---------------+-------------------------+-----
Fighting       | 6 8 10 12 13 14 | 14.7
Axes           | 6 7 8 10 12 13 15 | 15.3
Armour         | 3 4 5 6 7 |  7.4
Dodging        | 3 4 5 6 7 |  7.8
Stealth        | 1 |  1.4

Action                   |  1- 3 |  4- 6 |  7- 9 || total
-------------------------+-------+-------+-------++-------
Melee: Hand axe          |     4 |    24 |    46 ||    74
       Headbutt          |     1 |     2 |    15 ||    18
Invok: Berserk           |     1 |     2 |     3 ||     6
  Use: Potion            |       |       |     1 ||     1
Armor: Animal skin       |       |       |     2 ||     2
Dodge: Dodged            |     2 |     4 |    13 ||    19

Table legend: (Time is in decaauts)
 A = Elapsed time spent in this place.
 B = Non-inter-level travel time spent in this place.
 C = Inter-level travel time spent in this place.
 D = Time resting spent in this place.
 E = Time spent auto-exploring this place.
 F = Levels seen in this place.
 G = Mean time per level.
                   A        B        C        D        E       F      G
               +--------+--------+--------+--------+--------+-----+--------+
         Total |    698 |    698 |      0 |    578 |      0 |   1 |  698.0 |
       Dungeon |    698 |    698 |      0 |    578 |      0 |   1 |  698.0 |
               +--------+--------+--------+--------+--------+-----+--------+

Top non-repeatable levels by time:
       D: 698 daAuts
